Unix NetHack Version 3.7.0-65 Work-in-progress - last build Sep 26 2022 05:48:34 (a9070be95fe145525c880ceec589f5104d392f49,branch:master). Game began 2022-09-27 08:59:34, ended 2022-09-27 09:09:12. NetSysFire, chaotic female human Priestess -------- -----#----- ####.......| -------- |.........| `# |......| |..*...| |...(.....| ----- ##.......| |......| |......)..| #-...-# # -------- |.......#######|.........| ####|...|# #### |).....| ###-.......)%| # |.>..############# -.------ # #|......[..)) # -----# # # #-----------# ### # # # ######[` # # # ## ## # # ### ## # # ########### # # ## # # # -.-------# # # #---------------- |.......-# ### ## #|(i..F.........| |.......| #------# i|.ii.F.........| ------ |.......| #|....|# #@.i.............#######...... |.......-######### #....(.# |.i(...........| ###.....| --------- ------ ---------------- ------ NetSysFire the Acolyte St:12 Dx:10 Co:16 In:10 Wi:17 Ch:9 Chaotic S:1364 Dlvl:1 $:224 HP:0(46) Pw:4(61) AC:7 Exp:5 T:4064 Latest messages: You hit the acid blob! You are splashed by the acid blob's acid! You miss the acid blob. You kill the acid blob! You are splashed by the acid blob's acid! Your robe is not affected by corrosion. A newt suddenly appears next to you! You kill the newt! There is an uncursed newt corpse here; eat it? [ynq] (n) y This newt corpse tastes okay. You finish eating the newt corpse. You feel a mild buzz. A werejackal suddenly appears next to you! You hit the werejackal. The werejackal hits! You hit the werejackal! The werejackal hits! You miss the werejackal. The werejackal hits! You kill the werejackal! A manes suddenly appears close by! A manes suddenly appears close by! A manes suddenly appears next to you! A manes suddenly appears next to you! A manes suddenly appears close by! A manes suddenly appears close by! A manes suddenly appears next to you! You miss the manes. You hit the manes! You destroy the manes! You destroy the manes! The manes hits! The manes hits! The manes bites! You miss the manes. You destroy the manes! The manes hits! The manes hits! The manes bites! There is an open door here. There are several objects here. The manes misses! The manes hits! The manes bites! You die... Do you want your possessions identified? [ynq] (y) y Do you want to see your attributes? [ynq] (y) y Do you want an account of creatures vanquished? [ynaq] (y) y Do you want to see your conduct and achievements? [ynq] (y) y Do you want to see the dungeon overview? [ynq] (y) y Inventory: Coins $ - 224 gold pieces Weapons a - a blessed +0 mace (weapon in hand) Armor c - an uncursed +0 small shield (being worn) b - an uncursed +0 robe (being worn) Comestibles f - an uncursed sprig of wolfsbane Spellbooks h - an uncursed spellbook of create monster g - an uncursed spellbook of light Potions d - 4 potions of holy water Rings l - an uncursed ring of conflict Wands i - an uncursed wand of digging (0:7) r - an uncursed wand of light (0:12) Tools A - an uncursed magic marker (0:63) Gems/Stones t - 2 uncursed amethyst stones s - 2 uncursed worthless pieces of black glass n - a cursed worthless piece of red glass NetSysFire the Priestess's attributes: Background: You were an Acolyte, a level 5 human Priestess. You were chaotic, on a mission for Set who was opposed by Mitra (lawful) and Crom (neutral). You were in the Dungeons of Doom, on level 1. You entered the dungeon 4064 turns ago. There was a new moon in effect when your adventure ended. You had 275 experience points, 45 more were needed to attain level 6. Your score was 1364 before end-of-game adjustments. Basics: You had 0 out of 46 hit points. You had 4 out of 61 energy points (spell power). Your armor class was 7. Your wallet contained 224 zorkmids. Autopickup was off. Final Characteristics: Your strength was 12 (limit:18/100). Your dexterity was 10 (limit:18). Your constitution was 16 (peak:17, limit:18). Your intelligence was 10 (limit:18). Your wisdom was 17 (peak:18, limit:18). Your charisma was 9 (limit:18). Final Status: You were not hungry. You were unencumbered. You were wielding a mace. You had basic skill with mace and could have enhanced that. Final Attributes: You were piously aligned. You were telepathic. You were guarded. You are dead. Miscellaneous: You never encountered a bones level. Total elapsed playing time was 9 minutes and 37 seconds. Major events: Turn 1: NetSysFire the chaotic human Priestess entered the dungeon 856: attained the rank of Acolyte (level 3) 4064: killed by a manes Vanquished creatures: 2 shriekers 2 floating eyes a kitten an orc zombie 5 dwarf zombies a werejackal 3 iguanas an acid blob 3 gas spores 4 hobbits 3 manes a large kobold 3 giant rats a brown mold a yellow mold a gnome a gnome zombie 10 geckos 6 jackals 2 foxes a kobold 4 goblins a sewer rat 11 grid bugs 3 bats 8 lichens 2 kobold zombies 21 newts 103 creatures vanquished. No species were genocided or became extinct. Voluntary challenges: You read items or engraved 4 times. You never engraved Elbereth. You never genocided any monsters. You never polymorphed an object. You never changed form. You used no wishes. Achievement: You attained the rank of Acolyte. The Dungeons of Doom: Level 1: <- You were here. Final resting place for you, killed by a manes. Game over: ---------- / \ / REST \ / IN \ / PEACE \ / \ | NetSysFire | | 224 Au | | killed by a | | manes | | | | | | 2022 | *| * * * | * _________)/\\_//(\/(/\)/\//\/|_)_______ Goodbye NetSysFire the Priestess... You died in The Dungeons of Doom on dungeon level 1 with 1342 points, and 224 pieces of gold, after 4064 moves. You were level 5 with a maximum of 46 hit points when you died.